 Dungeon Crawl Stone Soup version 0.25-a0-167-g836c352ace (webtiles) character file.

Game seed: 12698519366822841073, levelgen mode: deterministic

102 MisterFreud the Ducker (level 4, 0/23 HPs)
             Began as a Felid Fighter on Nov 25, 2019.
             Slain by an orc
             ... wielding a +0 dagger
              (4 damage)
             ... on level 3 of the Dungeon.
             The game lasted 00:04:01 (3513 turns).

MisterFreud the Ducker (Felid Fighter)              Turns: 3513, Time: 00:04:01

Health: 0/23       AC:  1    Str: 12    XL:     4   Next: 50%
Magic:  14/14      EV: 22    Int: 10    God:
Gold:   168        SH:  0    Dex: 16    Spells: 3/3 levels left
                                        Lives:  0   Deaths: 1

rFire    . . .     SeeInvis +     - Unarmed
rCold    . . .     Gourm    .   (shield unavailable)
rNeg     . . .     Faith    .   (armour unavailable)
rPois    .         Spirit   .   (helmet unavailable)
rElec    .         Reflect  .   (cloak unavailable)
rCorr    .         Harm     .   (gloves unavailable)
MR       .....                  (boots unavailable)
Stlth    ++........             (no amulet)
HPRegen  0.07/turn              i - ring of magical power
MPRegen  0.14/turn              (no ring)

@: quick
A: very small, no armour, no weapons or thrown items, stealth, claws 1, fangs 3,
see invisible, carnivore, speed 1, shaggy fur 1, slow metabolism 1, sharp paws
a: no special abilities


You were on level 3 of the Dungeon.
You were not hungry.

You visited 1 branch of the dungeon, and saw 3 of its levels.

You collected 168 gold pieces.

Inventory:

Jewellery
 i - a ring of magical power (left paw)
Scrolls
 d - a scroll of teleportation {unknown}
 f - a scroll of random uselessness {unknown}
 g - a scroll of amnesia {unknown}
 k - a scroll of magic mapping {unknown}
 l - a scroll of blinking {unknown}
 m - a scroll of identify {unknown}
Potions
 a - 4 potions of might
 c - a potion of agility {unknown}
 e - 2 potions of curing {unknown}
 h - a potion of haste {unknown}
 j - a potion of mutation {unknown}
Comestibles
 b - 5 rations


   Skills:
 - Level 5.1 Fighting
 + Level 6.2 Dodging
 - Level 4.0 Unarmed Combat


You had 3 spell levels left.
You didn't know any spells.
Your spell library was empty.

Dungeon Overview and Level Annotations

Branches:
Dungeon (3/15)

Altars:
Nemelex Xobeh

Annotations:
D:2 1 runed translucent door, Crazy Yiuf


Innate Abilities, Weirdness & Mutations

You cannot wear armour.
You are incapable of wielding weapons or throwing items.
Your paws allow you to move quietly. (Stealth)
You have sharp claws.
You have razor-sharp teeth.
You have supernaturally acute eyesight. (SInv)
You are carnivorous and can eat meat at any time.
You cover ground quickly.
You are covered in fur. (AC +1)
You have a slow metabolism.
Your sharp claws are effective at attacking unaware monsters.


Message History

The orc hits you with a +0 dagger.
You scratch the orc priest.
The orc priest is lightly wounded.
The orc priest barely misses you. The orc closely misses you.
You scratch the orc priest.
The orc priest is moderately wounded.
The orc priest barely misses you. The orc completely misses you.
You closely miss the orc priest.
The orc priest is moderately wounded.
The orc priest mumbles some strange prayers to Beogh against you.
Beogh smites you! The orc misses you.
You are too injured to fight recklessly!
You are too injured to fight recklessly!
You are too injured to fight recklessly!
You scratch the orc priest.
The orc priest is heavily wounded.
The orc priest hits you.
* * * LOW HITPOINT WARNING * * *
The orc hits you with a +0 dagger.
You die...

#........................o#
#.#..........##............
#.#..........##..........<.
#.#..........##............
#.#..........##...o........
#.#..........##............
#.#..........##...........#
#.+........o.(†.........###
###.......@o..###########
######.####.# #[# #.#
#.####.########
#########.#...........#
#.........#.......)...#
#....(....#...........#
#.........#...........#
#.........#<..........#


You could see an orc priest and an orc.

Vanquished Creatures
  Jessica (D:2)
  Terence (D:3)
  7 adders
  An ooze (D:2)
  A worm (D:2)
  2 leopard geckos (D:1)
  4 orcs (D:3)
  A ball python (D:1)
  3 bats
  4 giant cockroaches
  5 goblins
  13 hobgoblins
  5 jackals
  9 kobolds
  2 quokkas (D:3)
  3 frilled lizards
  8 rats
70 creatures vanquished.

Notes
Turn   | Place    | Note
-------+----------+-------------------------------------------
     0 | D:1      | MisterFreud the Felid Fighter began the quest for the Orb.
     0 | D:1      | Reached XP level 1. HP: 10/10 MP: 2/2
   348 | D:1      | Reached XP level 2. HP: 11/14 MP: 3/3
  1250 | D:1      | Reached XP level 3. HP: 18/18 MP: 4/4
  1408 | D:2      | Found a sparkling altar of Nemelex Xobeh.
  1778 | D:2      | Noticed Jessica
  1797 | D:2      | Killed Jessica
  1797 | D:2      | Reached skill level 5 in Fighting
  1797 | D:2      | Reached XP level 4. HP: 14/23 MP: 5/5
  2516 | D:2      | Found a runed translucent door.
  2517 | D:2      | Noticed Crazy Yiuf
  2766 | D:3      | Reached skill level 5 in Dodging
  2822 | D:3      | Noticed Terence
  2855 | D:3      | Killed Terence
  2855 | D:3      | Reached XP level 5. HP: 26/26 MP: 6/6
  3121 | D:3      | Reached skill level 6 in Dodging
  3499 | D:3      | Killed from afar by an orc priest
  3500 | D:3      | Reached XP level 4. HP: -4/23 MP: 14/14
  3513 | D:3      | Slain by an orc

Levels and vault maps discovered:
D:1:      elethiomel_arrival_maze, layout_basic, chequers_serial_rivers_micro_c
D:2:      layout_basic, nemelex_xobeh_ov_fountains_minmay, hangedman_decor_push,
          uniq_crazy_yiuf_cottage, uniq_jessica
D:3:      layout_basic, minivault_14, minmay_fractal_squares_gapless_5,
          uniq_terence

Skill      XL: |  1  2  3  4  5 |
---------------+----------------+-----
Fighting       | 4 5 |  5.1
Dodging        | 5 6 |  6.2
Unarmed Combat | |  4.0

Action                   |  1- 3 |  4- 6 || total
-------------------------+-------+-------++-------
Melee: Unarmed           |    98 |   123 ||   221
       Bite              |     7 |    12 ||    19
       Punch             |       |     4 ||     4
 Stab: Sleeping          |     4 |     3 ||     7
  Eat: Chunk             |     9 |     2 ||    11
Armor: Skin              |       |     2 ||     2
Dodge: Dodged            |    72 |   106 ||   178

Table legend:
 A = Non-vault XP
 B = Vault XP
 C = Vault XP percentage of total XP
 D = Non-vault monster count
 E = Vault monster count
 F = Vault count percentage of total count
                 A         B        C        D         E       F
            +---------+---------+-------+---------+---------+-------
      Total |     216 |      73 |  25.3 |      68 |       2 |   2.9
            +---------+---------+-------+---------+---------+-------
        D:1 |      42 |       0 |   0.0 |      22 |       0 |   0.0
        D:2 |      88 |      37 |  29.6 |      20 |       1 |   4.8
        D:3 |      86 |      36 |  29.5 |      26 |       1 |   3.7
            +---------+---------+-------+---------+---------+-------
